 Dungeon Crawl Stone Soup version 0.19.4-9-g45fd643 (webtiles) character file.

94680 tself55 the Fencer (level 15, -8/128 HPs)
             Began as a Demigod Air Elementalist on Feb 20, 2017.
             Drowned by a drowned soul (13 damage)
             ... summoned by a merfolk avatar
             ... on level 2 of the Shoals.
             The game lasted 01:58:43 (35677 turns).

tself55 the Fencer (Demigod Air Elementalist)      Turns: 35677, Time: 01:58:44

Health: -8/128     AC: 24    Str: 19    XL:     15   Next: 21%
Magic:  21/21      EV: 10    Int: 19    God:
Gold:   1414       SH: 13    Dex: 18    Spells: 6 memorised, 7 levels left

rFire  . . .     SeeInvis .     a - +6 double sword (elec)
rCold  + . .     Gourm    .     L - +0 plate armour
rNeg   . . .     Faith    .     T - +0 shield {rC+}
rPois  +         Spirit   .     V - +1 helmet
rElec  .         Reflect  .     j - +0 cloak
rCorr  .         Harm     .     v - +2 pair of gloves
MR     +....                    p - +0 pair of boots
Stlth  ..........               F - amulet of regeneration
                                H - +3 ring of protection
                                O - ring of poison resistance

@: mesmerised
A: high mp 1
a: no special abilities


You were on level 2 of the Shoals.
You were not hungry.

You visited 4 branches of the dungeon, and saw 25 of its levels.
You also visited: Sewer, Ice Cave and Volcano.

You collected 2776 gold pieces.
You spent 1362 gold pieces at shops.

Inventory:

Hand Weapons
 a - a +6 double sword of electrocution (weapon)
 E - a +0 falchion of slicing
Missiles
 K - 3 throwing nets (quivered)
Armour
 j - a +0 cloak (worn)
 p - a +0 pair of boots (worn)
 v - a +2 pair of gloves (worn)
 L - a +0 plate armour (worn)
 T - a +0 shield of cold resistance (worn)
 V - a +1 helmet (worn)
Jewellery
 w - an uncursed ring of flight
 A - an uncursed ring of protection from fire
 F - an amulet of regeneration (around neck)
 G - an uncursed amulet of the gourmand {unknown}
 H - a +3 ring of protection (right hand)
 I - an uncursed ring of protection from cold
 O - a ring of poison resistance (left hand)
 Z - a +5 ring of evasion
Wands
 b - a wand of iceblast (7/15)
 e - a wand of digging (15/24)
 B - a wand of iceblast (4/15)
 J - a wand of disintegration (14/24)
Scrolls
 f - a scroll of magic mapping
 h - 2 scrolls of amnesia
 i - 7 scrolls of remove curse
 y - 5 scrolls of teleportation
 N - a scroll of recharging
 S - 4 scrolls of enchant armour
Potions
 d - 2 potions of resistance
 g - 4 potions of flight
 k - 2 potions of curing
 m - 3 potions of brilliance
 n - 3 potions of lignification
 r - 2 potions of might {unknown}
 s - 3 potions of cancellation
 t - a potion of experience {unknown}
 C - a potion of invisibility
 D - a potion of ambrosia
 Q - a potion of haste
 R - 3 potions of magic
 U - a potion of beneficial mutation {unknown}
 W - a potion of agility
Miscellaneous
 M - a phantom mirror
Comestibles
 c - 9 bread rations
 o - 42 fruits
 q - 2 chunks of flesh
 z - 11 meat rations
 X - 5 royal jellies


   Skills:
 + Level 10.8 Fighting
   Level 4.3(11.4) Short Blades
 - Level 15.8(16.0) Long Blades
 * Level 7.5 Armour
 * Level 8.0 Dodging
 - Level 1.7 Stealth
 + Level 11.7 Shields
 - Level 1.7 Spellcasting
 - Level 1.6 Conjurations
 - Level 3.4 Charms
 - Level 3.9 Air Magic


You had 7 spell levels left.
You knew the following spells:

 Your Spells              Type           Power        Failure   Level  Hunger
a - Shock                 Conj/Air       ##..         99%         1    #......
b - Static Discharge      Conj/Air       ##......     100%        3    ###....
c - Apportation           Tloc           #.........   100%        1    #......
m - Repel Missiles        Chrm/Air       ###...       99%         2    ###....
P - Animate Skeleton      Necr           N/A          100%        1    #......
S - Swiftness             Chrm/Air       ###.....     99%         2    ###....


Dungeon Overview and Level Annotations

Branches:
Dungeon (15/15)            Temple (0/1) D:4            Lair (6/6) D:11
 Shoals (2/4) Lair:2        Snake (0/4) Lair:3        Slime (0/5) Lair:6
    Orc (2/2) D:12         Vaults (0/5) D:13         Depths (0/5) D:15
    Elf: Orc:2

Shops:
D:10 !=(   D:14 ?

Annotations:
D:3 cheese's ghost, amateur DsBe
Lair:4 exclusion: 2 oklob plants


Innate Abilities, Weirdness & Mutations

You have an increased reservoir of magic. (+10% MP)


Message History

You slash the merfolk avatar!
The merfolk avatar is lightly wounded.
The merfolk avatar chants its luring song.
You hit the merfolk avatar.
The merfolk avatar is lightly wounded.
You slice the merfolk avatar!!
There is a sudden explosion of sparks!
The merfolk avatar is heavily wounded.
The merfolk avatar chants its luring song.
Your unstable footing causes you to fumble your attack.
The merfolk avatar chants its luring song.
You slash the merfolk avatar!
The merfolk avatar is severely wounded.
Your unstable footing causes you to fumble your attack.
The drowned soul touches you. The drowned soul drowns you!
* * * LOW HITPOINT WARNING * * *
The merfolk avatar chants its luring song.
You slash the merfolk avatar!
The merfolk avatar is almost dead.
The drowned soul touches you. The drowned soul drowns you!
You die...

≈ ≈≈≈≈>.....#P≈≈≈≈.≈≈
.....≈....P.P.≈≈≈≈≈≈≈
...##?..# #..≈≈≈≈≈≈≈≈
........# #..).≈≈≈≈≈≈
≈≈≈≈≈≈≈.###.<...≈≈≈≈≈
≈≈≈..≈≈≈..((###.≈≈≈≈≈
≈≈≈≈.$≈≈§§§<##.≈≈≈≈..
.≈≈≈≈..≈§§§≈..≈≈≈....
.≈≈≈..≈≈@§§≈≈≈≈≈≈....
.≈≈≈≈≈Wm≈§≈≈≈.......#
.≈≈≈≈≈≈≈≈≈≈..........
...≈≈≈≈≈≈≈...##....
...≈≈≈≈.....## ..≈.
...≈≈≈≈...#. .≈≈
#.≈≈≈.....##.
#.≈≈...#..# ..


You could see a merfolk avatar and a drowned soul.

Vanquished Creatures
  A kraken (Shoals:1)
  Nessos (D:13)
  The ghost of VictoriousLee the Basher, a journeyman MiMo of Yredelemnul (D:13)
  Snorg (D:13)
  A fire dragon (Volcano)
  A merfolk javelineer (Shoals:2)
  An ice dragon (Lair:6)
  A merfolk avatar (Shoals:1)
  8 hydras
  A merfolk aquamancer (Lair:2)
  A death yak (shapeshifter) (D:14)
  An iron troll (shapeshifter) (D:15)
  A wizard (D:14)
  3 unseen horrors
  6 hill giants
  3 sea snakes
  7 lindwurms
  A harpy (shapeshifter) (D:15)
  Pikel (D:8)
  5 necromancers
  A faun (Shoals:1)
  4 cyclopes
  4 deep elf magi
  5 manticores
  7 elephants
  13 ugly things
  6 black mambas
  4 centaur zombies
  Maurice (D:8)
  A siren (Lair:2)
  2 gargoyles
  6 torpor snails (Lair:6)
  2 ice statues (IceCv)
  A yaktaur (shapeshifter) (D:15)
  11 spiny frogs
  3 centaur skeletons
  3 rime drakes
  8 ice devils
  10 komodo dragons
  3 tyrant leeches
  A wind drake (Shoals:1)
  7 merfolk
  3 meliai
  2 trolls
  A queen bee (Lair:4)
  A troll (shapeshifter) (D:15)
  A polar bear (Lair:5)
  A two-headed ogre (D:9)
  11 slime creatures
  10 blink frogs
  5 dream sheep
  A snapping turtle (Shoals:1)
  7 hornets (Lair:6)
  10 hippogriffs
  3 shadows
  2 water elementals
  2 vampires
  9 fire bats (Volcano)
  7 wyverns
  4 basilisks
  4 wraiths
  30 yaks
  A hog (shapeshifter) (D:14)
  2 steam dragons (Volcano)
  A golden eye (D:9)
  5 vampire mosquitoes (D:14)
  A hungry ghost (D:12)
  2 mottled dragons (D:14)
  A soldier ant (shapeshifter) (D:15)
  A warg (Orc:2)
  A soldier ant (D:10)
  2 hell hounds (Volcano)
  8 porcupines
  10 water moccasins
  An eye of draining (D:12)
  11 orc warriors
  8 ice beasts
  4 sky beasts
  3 phantoms
  A black bear (D:8)
  8 wolves
  5 boggarts (D:15)
  A necrophage (D:8)
  8 ogres
  10 centaurs
  18 crocodiles
  9 big kobolds
  4 earth elementals
  13 bullfrogs
  A gnoll sergeant (D:6)
  2 wyvern skeletons
  3 scorpions
  46 killer bees
  18 wights
  7 howler monkeys
  3 electric eels
  8 crimson imps
  2 draconian simulacra (IceCv)
  4 lava snakes (Volcano)
  7 jellies
  2 hounds
  An iron imp (D:9)
  14 orc wizards
  5 bullfrog skeletons
  20 orc priests
  Terence (D:2)
  4 iguanas
  10 worker ants
  3 troll simulacra (IceCv)
  A crocodile zombie (Lair:3)
  A centaur simulacrum (IceCv)
  Robin (D:2)
  A worker ant zombie (D:8)
  11 gnolls
  An adder (shapeshifter) (D:15)
  10 adders
  2 ogre simulacra (IceCv)
  4 river rats
  2 naga simulacra (IceCv)
  4 shadow imps
  8 oozes
  3 adder skeletons
  5 worms
  A dart slug (D:1)
  6 leopard geckos
  65 orcs
  15 bats
  A bat skeleton (D:9)
  4 bat zombies (D:9)
  6 giant cockroaches
  13 goblins
  9 hobgoblins
  23 jackals
  28 kobolds
  5 quokkas
  4 ball pythons
  A frilled lizard (D:3)
  A leopard gecko skeleton (D:7)
  A quokka zombie (D:7)
  18 rats
  A fungus (D:11)
  3 tentacles (Shoals:1)
822 creatures vanquished.

Vanquished Creatures (others)
  A water elemental (Shoals:1)
  2 slaves (D:8)
  An orc (D:8)
  13 fungi
  18 plants
  12 tentacles (Shoals:1)
47 creatures vanquished.

Grand Total: 869 creatures vanquished

Notes
Turn   | Place    | Note
-------+----------+-------------------------------------------
     0 | D:1      | tself55 the Demigod Air Elementalist began the quest for the Orb.
     0 | D:1      | Reached XP level 1. HP: 14/14 MP: 5/5
    27 | D:1      | Reached skill level 1 in Conjurations
   174 | D:1      | Reached XP level 2. HP: 21/22 MP: 1/7
   186 | D:1      | Learned a level 2 spell: Repel Missiles
   677 | D:1      | Reached skill level 1 in Fighting
   868 | D:2      | Reached XP level 3. HP: 27/28 MP: 8/8
   954 | D:2      | Noticed Robin
   968 | D:2      | Killed Robin
  1081 | D:2      | Noticed Terence
  1272 | D:2      | Killed Terence
  1272 | D:2      | Reached XP level 4. HP: 17/36 MP: 0/9
  1797 | D:2      | Reached skill level 1 in Armour
  2043 | D:3      | Found a radiant altar of Vehumet.
  2043 | D:3      | Found a bloodstained altar of Trog.
  2135 | D:3      | Noticed cheese's ghost (amateur DsBe)
  2296 | D:3      | Noticed a centaur
  2500 | D:4      | Reached XP level 5. HP: 27/41 MP: 5/10
  2885 | D:4      | Noticed an ogre
  2896 | D:4      | Killed an ogre
  2896 | D:4      | Reached skill level 1 in Charms
  3015 | D:4      | Found a staircase to the Ecumenical Temple.
  3301 | D:4      | Reached XP level 6. HP: 46/50 MP: 9/11
  3322 | D:4      | Found a shattered altar of Ashenzari.
  3432 | D:4      | Learned a level 2 spell: Swiftness
  3436 | D:4      | Learned a level 3 spell: Static Discharge
  3482 | D:5      | Entered Level 5 of the Dungeon
  3528 | D:5      | Found a glowing drain.
  3545 | Sewer    | Entered a sewer
  3584 | Sewer    | Reached skill level 1 in Short Blades
  3950 | Sewer    | Reached XP level 7. HP: 57/57 MP: 10/12
  5022 | D:6      | Reached XP level 8. HP: 66/66 MP: 13/13
  5076 | D:6      | Learned a level 1 spell: Apportation
  5078 | D:6      | Learned a level 1 spell: Animate Skeleton
  5159 | D:6      | Found a white marble altar of Elyvilon.
  5605 | D:6      | Noticed a hand axe
  5605 | D:6      | Noticed a dagger
  5606 | D:6      | Found a hide-covered altar of Uskayaw.
  6130 | D:7      | Reached skill level 5 in Dodging
  6600 | D:7      | Reached skill level 1 in Long Blades
  6729 | D:7      | Reached skill level 5 in Fighting
  6729 | D:7      | Reached XP level 9. HP: 58/74 MP: 14/14
  7090 | D:7      | Reached skill level 2 in Long Blades
  7146 | D:7      | Reached skill level 5 in Armour
  7288 | D:7      | Reached skill level 3 in Long Blades
  7897 | D:8      | Reached skill level 4 in Long Blades
  7915 | D:8      | Noticed Maurice
  8266 | D:8      | Killed Maurice
  9259 | D:8      | Reached XP level 10. HP: 81/84 MP: 15/15
  9448 | D:8      | Noticed Pikel
  9462 | D:8      | Killed Pikel
  9462 | D:8      | Reached skill level 5 in Long Blades
 10601 | D:9      | Noticed Psyche
 10601 | D:9      | Noticed Psyche
 10601 | D:9      | Psyche changed into Psyche the golden eye
 10844 | D:9      | Killed Psyche the golden eye
 10910 | D:9      | Reached skill level 6 in Long Blades
 10920 | D:9      | HP: 4/86 [killer bee (4)]
 11418 | D:9      | Found a snail-covered altar of Cheibriados.
 12328 | D:9      | Found an ancient bone altar of Kikubaaqudgha.
 12412 | D:9      | Reached skill level 7 in Long Blades
 12449 | D:10     | Entered Level 10 of the Dungeon
 12460 | D:10     | Found Touwat's Weapon Shoppe.
 12767 | D:10     | Found Nichikaff's Jewellery Boutique.
 13064 | D:10     | Noticed a hill giant
 13082 | D:10     | Killed a hill giant
 13082 | D:10     | Reached skill level 8 in Long Blades
 13082 | D:10     | Reached XP level 11. HP: 31/94 MP: 17/17
 13488 | D:10     | Identified a scroll of acquirement
 13516 | D:10     | Found Pyiluurr's Distillery.
 13936 | D:11     | Found a staircase to the Lair.
 14112 | D:11     | Noticed a hill giant
 14119 | D:11     | Killed a hill giant
 14144 | D:11     | Reached skill level 9 in Long Blades
 14680 | D:10     | Bought an uncursed ring of poison resistance for 280 gold pieces
 14721 | Lair:1   | Entered Level 1 of the Lair of Beasts
 15102 | Lair:1   | Found a deep blue altar of Sif Muna.
 15409 | Lair:1   | Reached skill level 10 in Long Blades
 15981 | Lair:2   | Reached skill level 1 in Shields
 17271 | Lair:2   | Found a staircase to the Shoals.
 17313 | Lair:2   | Reached skill level 11 in Long Blades
 17874 | Lair:3   | Found a dark tunnel.
 17881 | Volcano  | Entered a volcano
 18387 | Volcano  | Found a radiant altar of Vehumet.
 18388 | Volcano  | Noticed a lindwurm
 18399 | Volcano  | Reached XP level 12. HP: 53/101 MP: 18/18
 18414 | Volcano  | Reached skill level 5 in Shields
 18720 | Volcano  | Noticed a fire dragon
 18732 | Volcano  | Killed a fire dragon
 19158 | Lair:3   | Found a staircase to the Snake Pit.
 19368 | Lair:3   | Reached skill level 12 in Long Blades
 20376 | Lair:4   | Found a shattered altar of Ashenzari.
 20494 | Lair:4   | Noticed a seven-headed hydra
 20502 | Lair:4   | Killed a seven-headed hydra
 20657 | Lair:4   | Noticed an eight-headed hydra
 21558 | Lair:4   | Reached skill level 13 in Long Blades
 21843 | Lair:4   | Reached XP level 13. HP: 84/107 MP: 19/19
 24007 | Lair:5   | Got a heavily runed golden ring
 24139 | Lair:6   | Entered Level 6 of the Lair of Beasts
 24237 | Lair:6   | Found a staircase to the Slime Pits.
 24237 | Lair:6   | Found a viscous altar of Jiyva.
 24767 | Lair:6   | Reached skill level 14 in Long Blades
 25247 | D:12     | Found a staircase to the Orcish Mines.
 25352 | D:12     | Reached skill level 10 in Shields
 26230 | D:13     | Found a shimmering altar of Xom.
 26230 | D:13     | Found a shimmering altar of Xom.
 26231 | D:13     | Found a shimmering altar of Xom.
 26231 | D:13     | Found a shimmering altar of Xom.
 26231 | D:13     | Found a shimmering altar of Xom.
 26231 | D:13     | Found a shimmering altar of Xom.
 26507 | D:13     | Found a gate to the Vaults.
 27221 | D:13     | Noticed Sonja
 27239 | D:13     | Sonja changed into something unseen
 27244 | D:13     | Killed Sonja the unseen horror
 27334 | D:13     | Noticed Nessos
 27347 | D:13     | Killed Nessos
 27535 | D:13     | Noticed VictoriousLee's ghost (journeyman MiMo)
 27562 | D:13     | Killed VictoriousLee's ghost
 27925 | D:13     | Reached XP level 14. HP: 118/118 MP: 20/20
 28013 | D:13     | Noticed Snorg
 28023 | D:13     | Killed Snorg
 29043 | D:14     | Found Litil's Magic Scroll Emporium.
 29055 | D:14     | Reached skill level 15 in Long Blades
 29220 | D:14     | Bought a scroll of identify for 34 gold pieces
 29220 | D:14     | Bought a scroll of identify for 34 gold pieces
 29220 | D:14     | Bought a scroll of identify for 34 gold pieces
 29227 | D:14     | Identified the ring "Fiuklim" {Ice Dex+2} (You found it on level 5 of the Lair of Beasts)
 29859 | D:15     | Entered Level 15 of the Dungeon
 30206 | D:15     | Found a frozen archway.
 30227 | IceCv    | Entered an ice cave
 30307 | IceCv    | Reached skill level 10 in Fighting
 31406 | D:15     | Got an encrusted falchion {protect}
 31641 | D:15     | Found a staircase to the Depths.
 31844 | Orc:1    | Entered Level 1 of the Orcish Mines
 32063 | Orc:2    | Entered Level 2 of the Orcish Mines
 32063 | Orc:2    | Found a roughly hewn altar of Beogh.
 33473 | Lair:6   | Found a runed door.
 33730 | Lair:6   | Reached XP level 15. HP: 121/128 MP: 21/21
 33941 | Shoals:1 | Entered Level 1 of the Shoals
 34464 | D:10     | Bought a +5 ring of evasion for 770 gold pieces
 34464 | D:10     | Bought an uncursed ring of see invisible for 210 gold pieces
 35066 | Shoals:1 | Noticed a kraken
 35228 | Shoals:1 | Killed a kraken
 35676 | Shoals:2 | HP: 5/128 [drowned by a drowned soul[a merfolk avatar] (17)]
 35677 | Shoals:2 | Drowned by a drowned soul

Skill      XL: |  1  2  3  4  5  6  7  8  9 10 11 12 13 14 15 |
---------------+----------------------------------------------+-----
Conjurations   | 1 |  1.6
Air Magic      | 3 |  3.9
Fighting       | 1 2 3 5 6 7 9 10 | 10.8
Dodging        | 2 3 4 5 6 7 8 |  8.0
Armour         | 1 2 3 4 6 7 |  7.5
Charms         | 1 2 3 |  3.4
Short Blades   | 2 3 4 |  4.3
Long Blades    | 1 4 8 11 13 14 15 | 15.8
Shields        | 4 8 10 11 | 11.7
Stealth        | |  1.7
Spellcasting   | |  1.7

Action                   |  1- 3 |  4- 6 |  7- 9 | 10-12 | 13-15 || total
-------------------------+-------+-------+-------+-------+-------++-------
Melee: Short sword       |    78 |   166 |   697 |   478 |       ||  1419
       Unarmed           |       |       |     1 |       |       ||     1
       Double sword      |       |       |       |   741 |  1358 ||  2099
 Cast: Shock             |    35 |    77 |    23 |       |       ||   135
       Repel Missiles    |     1 |     1 |     2 |     1 |       ||     5
       Animate Skeleton  |       |       |     1 |       |       ||     1
 Abil: Evoke Flight      |       |       |       |       |     2 ||     2
Evoke: Wand              |       |       |       |    20 |    23 ||    43
  Use: Scroll            |     2 |     2 |     4 |    26 |    16 ||    50
       Potion            |       |     1 |       |    10 |     6 ||    17
 Stab: Sleeping          |     5 |     1 |       |       |       ||     6
       Distracted        |     1 |     1 |       |       |     1 ||     3
  Eat: Chunk             |     2 |    10 |    18 |    25 |    21 ||    76
       Beef jerky        |       |       |     1 |       |     1 ||     2
       Bread ration      |       |       |       |     3 |     5 ||     8
       Pizza             |       |       |       |     1 |     1 ||     2
       Royal jelly       |       |       |       |     1 |       ||     1
       Fruit             |       |       |       |       |     1 ||     1
Armor: Robe              |    14 |       |       |       |       ||    14
       Leather armour    |     1 |       |       |       |       ||     1
       Ring mail         |       |    62 |    33 |       |       ||    95
       Plate armour      |       |       |   306 |   703 |   631 ||  1640
       Skin              |       |       |     3 |       |       ||     3
Dodge: Dodged            |    48 |   112 |   217 |   438 |   297 ||  1112
       Deflected         |       |     5 |     5 |     9 |     1 ||    20
Block: Shield            |       |       |       |   343 |   627 ||   970
       Buckler           |       |       |       |    14 |       ||    14
       Rpst.: Double sword |       |       |       |    64 |    63 ||   127
